 Dungeon Crawl Stone Soup version 0.26-a0-1049-g242049e08c (webtiles) character file.

Game seed: 9268293235720502339

172 Baldric the Slasher (level 5, -3/42 HPs)
             Began as a Human Berserker on Dec 12, 2020.
             Slain by a gnoll
             ... wielding a +0 spear
              (5 damage)
             ... on level 3 of the Dungeon.
             The game lasted 00:12:20 (2009 turns).

Baldric the Slasher (Human Berserker)               Turns: 2009, Time: 00:12:20

Health: -3/42      AC:  9    Str: 17    XL:     5   Next: 83%
Magic:  5/5        EV: 11    Int:  8    God:
Gold:   41         SH:  0    Dex: 13    Spells: 4/4 levels left

rFire    . . .     SeeInvis .   p - +0 halberd
rCold    . . .     Faith    .   (shield currently unavailable)
rNeg     . . .     Spirit   .   k - +4 ring mail
rPois    .         Reflect  .   (no helmet)
rElec    .         Harm     .   (no cloak)
rCorr    .         Rampage  .   (no gloves)
Will     .....                  (no boots)
Stlth    ++........             (no amulet)
HPRegen  0.14/turn              c - ring of stealth
MPRegen  0.09/turn              (no ring)

@: lethally poisoned (-3 -> -4)
A: no striking features
a: no special abilities


You were on level 3 of the Dungeon.
You visited 1 branch of the dungeon, and saw 3 of its levels.

You collected 41 gold pieces.

Inventory:

Hand Weapons
 a - a +0 falchion
 f - a +2 hand axe of freezing
 p - a +0 halberd (weapon)
Missiles
 q - a throwing net
Armour
 b - a +0 animal skin
 d - a +0 ring mail
 i - a +1 chain mail
 k - a +4 ring mail (worn)
 l - a +0 scale mail
Jewellery
 c - a ring of stealth (left hand)
Scrolls
 h - a scroll of identify {unknown}
 o - a scroll of teleportation {unknown}
Potions
 g - a potion of resistance {unknown}
 j - a potion of might {unknown}
 m - 2 potions of heal wounds {unknown}
 n - a potion of attraction {unknown}


   Skills:
 + Level 3.7(1.8) Fighting
 + Level 3.7(1.8) Long Blades
 + Level 3.0(1.5) Axes
 + Level 0.1(0.8) Polearms
 + Level 2.6(1.3) Armour
 + Level 2.5(1.2) Dodging
 + Level 0.3(0.1) Stealth


You had 4 spell levels left.
You didn't know any spells.
Your spell library contained the following spells:

 Spells                   Type           Power        Failure   Level
 Magic Dart               Conj           #...         63%         1
 Blink                    Tloc           N/A          77%         2
 Call Imp                 Summ           #.......     77%         2
 Slow                     Hex            #.......     77%         2
 Conjure Flame            Conj/Fire      #.......     94%         3
 Mephitic Cloud           Conj/Pois/Air  #.......     94%         3


Dungeon Overview and Level Annotations

Branches:
Dungeon (3/15)

Altars:
Ashenzari
Okawaru


Message History

You feel sick. The gnoll barely misses you.
Items here: $ ( ) †.
There is a stone staircase leading down, spattered with blood here.
The gnoll hits you with a +0 spear.
Items here: $ ( ) †.
The gnoll hits you from afar with a +0 spear.
* * * LOW HITPOINT WARNING * * *
There is a stone staircase leading down, spattered with blood here.
You feel sick.
You see here a gnoll corpse.
The gnoll barely misses you.
You feel sick. The gnoll hits you but does no damage.
The gnoll hits you from afar with a +0 spear.
* * * LOW HITPOINT WARNING * * *
The gnoll hits you but does no damage. The gnoll barely misses you.
You closely miss the gnoll.
* * * LOW HITPOINT WARNING * * *
You feel sick. The gnoll hits you with a +0 spear.
You die...

####.##.#.#.##.........#####
#.....#...............†.....
#.##..###.#............#####
# #.......############.#
###.########## #...
#..........# #####
#.)......# #.######.#
#.#.)>g@.# #.#)###### #....
###.## ... ... .... .####


You could see a gnoll.

Vanquished Creatures
  Jessica (D:2)
  3 gnolls (D:3)
  5 adders
  2 worms (D:2)
  5 dart slugs
  3 leopard geckos
  An orc (D:3)
  7 bats
  A giant cockroach (D:1)
  5 hobgoblins
  2 quokkas (D:2)
  A ball python (D:1)
  12 frilled lizards
  4 goblins
  9 kobolds
  3 rats
64 creatures vanquished.

Vanquished Creatures (others)
  7 plants (D:1)
7 creatures vanquished.

Grand Total: 71 creatures vanquished

Notes
Turn   | Place    | Note
-------+----------+-------------------------------------------
     0 | D:1      | Baldric the Human Berserker began the quest for the Orb.
     0 | D:1      | Reached XP level 1. HP: 18/18 MP: 1/1
   209 | D:1      | Reached XP level 2. HP: 8/24 MP: 2/2
   482 | D:1      | Reached XP level 3. HP: 14/29 MP: 3/3
   640 | D:1      | Reached ** piety under Trog
  1083 | D:2      | Found an iron altar of Okawaru.
  1144 | D:2      | Reached XP level 4. HP: 30/35 MP: 4/4
  1213 | D:2      | Reached skill level 1 in Axes
  1281 | D:2      | Noticed Jessica
  1292 | D:2      | Killed Jessica
  1293 | D:2      | Reached XP level 5. HP: 38/41 MP: 5/5
  1500 | D:2      | Found a faded altar of an unknown god.
  1502 | D:2      | Fell from the grace of Trog
  1502 | D:2      | Became a worshipper of Ashenzari the Shackled
  1502 | D:2      | Reached * piety under Ashenzari
  1514 | D:2      | Fell from the grace of Ashenzari
  1727 | D:2      | Paralysed by Trog for 7 turns
  2006 | D:3      | HP: 2/42 [gnoll/+0 spear (6)]
  2009 | D:3      | Slain by a gnoll

Illustrated notes

Levels and vault maps discovered:
D:1:      mrwooster_arrival_statue, layout_basic, minmay_lizard_king
D:2:      layout_loops_ring, lemuel_doored_altar,
          chequers_ecumenical_altar_twisty, uniq_jessica
D:3:      layout_basic, nicolae_overflow_hidden_temple

Skill      XL: |  1  2  3  4  5 |
---------------+----------------+-----
Axes           | 2 3 |  3.0
Fighting       | |  3.7
Long Blades    | |  3.7
Polearms       | |  0.1
Armour         | |  2.6
Dodging        | |  2.5
Stealth        | |  0.3

Action                   |  1- 3 |  4- 6 || total
-------------------------+-------+-------++-------
Melee: Falchion          |    20 |       ||    20
       Hand axe          |    63 |    59 ||   122
       Halberd           |       |    14 ||    14
Invok: Renounce Religion |       |     1 ||     1
  Use: Scroll            |     3 |       ||     3
       Potion            |       |     2 ||     2
 Stab: Sleeping          |       |     1 ||     1
Armor: Ring mail         |    36 |    36 ||    72
       Chain mail        |    12 |       ||    12
Dodge: Dodged            |    62 |    58 ||   120
       Rpst.: Falchion   |     4 |       ||     4

Table legend: (Time is in decaauts)
 A = Elapsed time spent in this place.
 B = Non-inter-level travel time spent in this place.
 C = Inter-level travel time spent in this place.
 D = Time resting spent in this place.
 E = Time spent auto-exploring this place.
 F = Levels seen in this place.
 G = Mean time per level.
                   A        B        C        D        E       F      G
               +--------+--------+--------+--------+--------+-----+--------+
         Total |   2048 |   2035 |     13 |      0 |      0 |   3 |  682.7 |
       Dungeon |   2048 |   2035 |     13 |      0 |      0 |   3 |  682.7 |
               +--------+--------+--------+--------+--------+-----+--------+

Top non-repeatable levels by time:
     D:2: 970 daAuts
     D:1: 916 daAuts
     D:3: 160 daAuts
